Cogmind - Beta 13 @@@ ROGUE MODE // 2024.04.20 @ 12:37:02 Player: Olafz Result: Destroyed by Y-45 Defender with Beam Rifle Performance ------------- Evolutions (2) 1000 Regions Visited (6) 1200 Robots Destroyed (37) 185 Value Destroyed (1005) 1005 Prototype IDs (31) 620 Alien Tech Used (0) 0 Bonus (114) 114 TOTAL SCORE: 4124 Bonus ------- Aligned with FarCom 300 Friendly Fire -186 Cogmind --------- Core Integrity 0/550 Matter 252/300 Energy 0/100 System Corruption 1% Temperature Cool (21) Movement Core (100) Ox1 Location -8/Storage Parts ------- > --- POWER (1) -------- (None) > --- PROPULSION (3) --- (None) > --- UTILITY (5) ------ Machine Analyzer Advanced Targeting Computer Hacking Suite System Shield > --- WEAPON (2) ------- Advanced EMP Blaster > --- INVENTORY (5) ---- Compact Battery (200) Decoy Drone Bay (0/16) Advanced EMP Blaster Peak State ------------ > --- POWER ------------ Makeshift Power Source > --- PROPULSION ------- Carbon-fiber Leg Potential Leg Potential Leg > --- UTILITY ---------- High-capacity Storage Unit Machine Analyzer Makeshift Light Armor Plating Decoy Drone Bay > --- WEAPON ----------- Lightning Gun Gauss Rifle > --- INVENTORY -------- Ion Engine Light Ion Engine Light Ion Engine Deuterium Engine Light Nuclear Core Light Nuclear Core Aluminum Leg Carbon-fiber Leg Improved Heat Sink Small Storage Unit Improved Medium Armor Plating Improved Medium Armor Plating Particle Gun Particle Gun Beamcaster Advanced EMP Blaster [Rating: 61] Favorites ----------- Power Ion Engine Engine Ion Engine Propulsion Potential Leg Treads Light Treads Leg Potential Leg Utility High-capacity Storage Unit Device Heat Sink Storage High-capacity Storage Unit Processor Machine Analyzer Hackware System Shield Protection Makeshift Light Armor Plating Weapon Medium Laser Energy Gun Medium Laser Energy Cannon Advanced Beam Cannon Ballistic Gun Gauss Rifle Launcher Advanced EMP Blaster Build | -11 -10 -10 -10 -9 -8 -8 ------- Run | Yrd Mat Min Exi Min Mat Sto Slots Evolved 4 | . . . . . 4 . Power . | . . . . . . . Propulsion 1 | . . . . . 1 . Utility 3 | . . . . . 3 . Weapon . | . . . . . . . Parts Attached 49 | . 2 8 2 7 6 24 Power 4 | . 1 1 . 1 . 1 Engine 4 | . 1 1 . 1 . 1 Core . | . . . . . . . Reactor . | . . . . . . . Propulsion 10 | . 1 4 2 . 1 2 Treads 2 | . . 2 . . . . Leg 8 | . 1 2 2 . 1 2 Wheel . | . . . . . . . Hover . | . . . . . . . Flight . | . . . . . . . Utility 20 | . . 2 . 1 5 12 Device 7 | . . 1 . . 2 4 Storage 2 | . . 1 . . 1 . Processor 2 | . . . . . 1 1 Hackware 2 | . . . . . . 2 Protection 7 | . . . . 1 1 5 Artifact . | . . . . . . . Weapon 15 | . . 1 . 5 . 9 Energy Gun 10 | . . 1 . 3 . 6 Energy Cannon 2 | . . . . . . 2 Ballistic Gun 1 | . . . . 1 . . Ballistic Cannon . | . . . . . . . Launcher 2 | . . . . 1 . 1 Special Weapon . | . . . . . . . Impact Weapon . | . . . . . . . Slashing Weapon . | . . . . . . . Piercing Weapon . | . . . . . . . Special Melee Weapon . | . . . . . . . Unidentified Prototypes 4 | . . . . . 1 3 Parts Lost 20 | . . 4 . 2 . 14 Power 2 | . . 1 . . . 1 Propulsion 6 | . . 2 . . . 4 Utility 5 | . . . . 1 . 4 Weapon 7 | . . 1 . 1 . 5 Highest Loss Streak 12 | . . 4 . 2 . 12 To Critical Strikes . | . . . . . . . Average Slot Usage (%) 88 | . 85 85 83 95 95 89 Engine 11 | . 14 13 14 14 9 7 Treads 1 | . . 3 . . . . Leg 23 | . 28 20 26 28 26 24 Device 9 | . . 9 14 5 9 12 Storage 13 | . 14 17 14 14 9 8 Processor 3 | . . . . . 7 9 Protection 5 | . . . . 6 15 10 Energy Gun 12 | . 14 14 14 14 9 8 Ballistic Gun 5 | . 14 4 . 10 9 5 Naked Turns . | . . . . . . . Heaviest Build 70 | 11 13 53 48 56 70 65 Greatest Support 75 | 20 20 40 60 60 75 75 Greatest Overweight (x) 15 | . . 3 15 . 1 14 Average Overweight (x) . | . . 1 . . . . Largest Inventory Capacity 20 | . 8 20 20 20 20 20 Average Capacity 18 | . 8 19 20 20 20 18 Most Carried 20 | . 8 10 12 20 20 20 Average Carried 12 | . 7 8 10 17 17 18 Final Capacity 20 | 8 8 20 20 20 20 5 Final Carried 20 | 6 8 10 12 20 20 4 Class Distribution -------------------- 98% | Mutant Dominant Class ---------------- Mutant | -10/Materials Mutant | -10/Mines Mutant | -10/Exiles Mutant | -9/Mines Mutant | -8/Materials Mutant | -8/Storage Resources | -11 -10 -10 -10 -9 -8 -8 ----------- Run | Yrd Mat Min Exi Min Mat Sto Matter Collected 943 | 192 97 102 . 209 116 227 Remotely . | . . . . . . . Salvage Created 1806 | . 174 274 . 122 301 935 Parts 102 | . 12 13 . . 20 57 Haulers Intercepted 3 | . . . . . 1 2 Recyclers Shooed . | . . . . . . . Parts Field Recycled . | . . . . . . . Retrieved Matter . | . . . . . . . Parts Self-Destructed . | . . . . . . . Prevented . | . . . . . . . Kills | -11 -10 -10 -10 -9 -8 -8 ------- Run | Yrd Mat Min Exi Min Mat Sto Combat Hostiles Destroyed 37 | . 3 5 . 13 4 12 Guns 30 | . 3 5 . 10 4 8 Cannons 2 | . . . . . . 2 AOE 5 | . . . . 3 . 2 Classes Destroyed 11 | . 2 2 . 1 2 4 Worker 3 | . . 1 . . 1 1 Builder 2 | . . . . . . 2 Tunneler 2 | . 2 . . . . . Hauler 3 | . . . . . 1 2 Recycler 1 | . . . . . . 1 Mechanic 1 | . . . . . . 1 Swarmer 4 | . . 3 . . . 1 Grunt 14 | . 3 2 . . 3 6 Duelist 2 | . . . . . . 2 Sentry 4 | . . . . . 1 3 Assembled 13 | . . . . 13 . . Thug 1 | . . 1 . . . . Best Kill Streak 11 | . 4 3 . 11 4 7 Combat Bots Only 11 | . 2 3 . 11 3 5 Max Kills in Single Turn 4 | . 2 1 . 4 1 4 Gunslinging . | . . . . . . . Exploded 3 | . . . . 3 . 2 Melee . | . . . . . . . Uniques/NPCs Destroyed . | . . . . . . . Combat | -11 -10 -10 -10 -9 -8 -8 -------- Run | Yrd Mat Min Exi Min Mat Sto Hostile Shots Fired 289 | . 35 39 . 35 10 170 Missed 70 | . 15 4 . 12 5 34 Damage Taken 3293 | . 245 398 . 412 83 2155 Core 667 | . 58 35 . 17 18 539 Absorbed by Shields 184 | . . . . . . 184 Redirected to Shielding 89 | . . . . . 8 81 Regen/Repaired (Parts) 283 | . . . . . . 283 Core Remaining (%) 78 | 100 . . . 56 . . Volleys Fired 147 | . 23 43 . 29 14 38 Largest 2 | . 2 2 . 2 2 2 Hottest 143 | . 60 70 . 97 83 143 Shots Fired 240 | . 46 57 . 37 28 72 Gun 225 | . 46 57 . 35 28 59 Cannon 11 | . . . . . . 11 Launcher 4 | . . . . 2 . 2 Special . | . . . . . . . Kinetic 103 | . 23 14 . 29 14 23 Thermal 94 | . 23 43 . 3 . 25 Explosive 2 | . . . . 2 . . Electromagnetic 41 | . . . . 3 14 24 Robot Hit Streak 13 | . 7 13 . 12 10 10 Robot Miss Streak 7 | . 4 4 . 7 2 3 Penetration Max 1 | . . . . . . 1 Secondary Targets 6 | . 1 2 . 1 . 2 Max Gunslinging Chain 1 | . 1 1 . 1 . 1 Shots Hit Robots 153 | . 28 42 . 19 19 45 Core Hits 86 | . 10 14 . 17 9 36 Critical Kills 1 | . . . . 1 . . Critical Parts Destroyed 1 | . . . . 1 . . Critical Strikes 4 | . . 1 . 3 . . Burn 2 | . . 1 . 1 . . Destroy 2 | . . . . 2 . . Melee Attacks . | . . . . . . . Impact . | . . . . . . . Slashing . | . . . . . . . Piercing . | . . . . . . . Sneak Attacks . | . . . . . . . Combat Hostiles . | . . . . . . . Follow-up Attacks . | . . . . . . . Damage Inflicted 3256 | . 319 499 . 691 371 1376 Guns 2260 | . 319 499 . 327 371 744 Cannons 186 | . . . . . . 186 Explosions 751 | . . . . 307 . 444 Melee . | . . . . . . . Ramming 59 | . . . . 57 . 2 Kinetic 946 | . 144 97 . 272 174 259 Thermal 1171 | . 175 402 . 39 . 555 Explosive 307 | . . . . 307 . . Electromagnetic 773 | . . . . 16 197 560 Impact . | . . . . . . . Slashing . | . . . . . . . Piercing . | . . . . . . . Highest Corruption 1 | . . . . . 1 1 Average Corruption 1 | . . . . . 1 1 Corruption Purged . | . . . . . . . Corruption Blocked . | . . . . . . . Effects 13 | . . . . . 3 10 Message Errors 5 | . . . . . . 5 Matter Fused 1 | . . . . . . 1 Parts Rejected 1 | . . . . . . 1 Parts Fused 1 | . . . . . 1 . Data Loss (minor) 2 | . . . . . 1 1 Data Loss (major) 1 | . . . . . 1 . Misfires 1 | . . . . . . 1 Weapon Failures 1 | . . . . . . 1 Overload Shots . | . . . . . . . Overflow Damage 33 | . . . . 31 . 2 Projectiles . | . . . . . . . Explosions 32 | . . . . 30 . 2 Melee 1 | . . . . 1 . . Knockbacks 1 | . . . . 1 . . Impact 1 | . . . . 1 . . Kinetic . | . . . . . . . Secondary . | . . . . . . . Self-Inflicted Damage 183 | . . . . 95 . 88 Shots 5 | . . . . 2 . 3 Rammed 1 | . . . . . . 1 Targets Rammed 3 | . . . . 2 . 1 Kicked 2 | . . . . 2 . . Crushed . | . . . . . . . Highest Temperature 735 | . 105 164 . 259 140 735 Average Temperature 148 | . 55 95 . 88 68 283 Received Heat Transfer 1487 | . 138 165 . 60 27 1097 Effects 24 | . . . . 1 . 23 Energy Bleed 4 | . . . . 1 . 3 Interference 1 | . . . . . . 1 Short Circuit 3 | . . . . . . 3 Damage (minor) 5 | . . . . . . 5 Damage (major) 11 | . . . . . . 11 Siege Activations . | . . . . . . . Robots Corrupted . | . . . . . . . Combat Hostiles . | . . . . . . . Parts Fried 1 | . . . . . . 1 Impact Corruptions 1 | . . . . 1 . . Robots Melted . | . . . . . . . Combat Hostiles . | . . . . . . . Parts Melted 2 | . . . . . . 2 Heat Transferred 2810 | . 400 1235 . 148 . 1027 Parts Sabotaged . | . . . . . . . Parts Stolen . | . . . . . . . Parts Stripped . | . . . . . . . Power Chain Reactions 2 | . . . . . . 2 Alert | -11 -10 -10 -10 -9 -8 -8 ------- Run | Yrd Mat Min Exi Min Mat Sto Peak Influence 188 | . 115 114 . 32 166 188 Initial 44 | . . 44 . . 12 5 Average 48 | . 39 43 . 2 80 62 Maximum Alert Level . | . . . . . . . Low Security (%) 100 | . 100 100 . 100 100 100 Level 1 . | . . . . . . . Level 2 . | . . . . . . . Level 3 . | . . . . . . . Level 4 . | . . . . . . . Level 5 . | . . . . . . . High Security . | . . . . . . . Max Security . | . . . . . . . Squads Dispatched 4 | . . . . . 2 2 Investigation 3 | . . . . . 2 1 Extermination . | . . . . . . . Reinforcement 1 | . . . . . . 1 Assault . | . . . . . . . Garrison . | . . . . . . . Intercept . | . . . . . . . Searches Triggered . | . . . . . . . Construction Impeded 1 | . . . . . . 1 Haulers Reinforced . | . . . . . . . Active Scanning Responses . | . . . . . . . Cargo Convoy Interrupts . | . . . . . . . Stealth | -11 -10 -10 -10 -9 -8 -8 --------- Run | Yrd Mat Min Exi Min Mat Sto Distress Signals 7 | . 3 . . . 1 3 Communications Jammed . | . . . . . . . Distress Signals . | . . . . . . . Times Spotted 79 | . 9 5 . 31 7 27 Peak Tracking Total 16 | . 7 3 . 16 3 7 Tactical Retreats 7 | . 2 . . 4 . 1 Traps | -11 -10 -10 -10 -9 -8 -8 ------- Run | Yrd Mat Min Exi Min Mat Sto Traps Triggered 2 | . . . . . 1 1 Indirectly . | . . . . . . . Trap Hack Attempts . | . . . . . . . Triggered . | . . . . . . . Disarmed . | . . . . . . . Reprogrammed . | . . . . . . . Reused . | . . . . . . . Traps Extracted . | . . . . . . . Installed . | . . . . . . . Triggered . | . . . . . . . Machines | -11 -10 -10 -10 -9 -8 -8 ---------- Run | Yrd Mat Min Exi Min Mat Sto Machines Disabled 2 | . . . . . 1 1 Max in Single Turn 1 | . . . . . 1 1 Machines Repaired . | . . . . . . . Machines Dismantled . | . . . . . . . Machines Sabotaged . | . . . . . . . Overloaded Fab Kills . | . . . . . . . Hacking | -11 -10 -10 -10 -9 -8 -8 --------- Run | Yrd Mat Min Exi Min Mat Sto Machines Accessed 14 | . 1 1 1 1 3 7 Terminals 8 | . 1 . . . 2 5 Fabricators . | . . . . . . . Repair Stations 2 | . . . . . . 2 Recycling Units 1 | . . . . . 1 . Scanalyzers . | . . . . . . . Garrison Access . | . . . . . . . Total Hacks 44 | . 2 1 1 1 11 28 Successful 27 | . 1 1 1 1 4 19 Failed 17 | . 1 . . . 7 9 Catastrophic 1 | . . . . . . 1 Database Lockouts . | . . . . . . . Manual 7 | . 2 . 1 . 1 3 Terminals 18 | . 2 . . . 6 10 Fabricators . | . . . . . . . Repair Stations 18 | . . . . . . 18 Recycling Units 5 | . . . . . 5 . Scanalyzers . | . . . . . . . Garrison Access . | . . . . . . . Terminal Hacks 8 | . . 1 1 1 2 3 Prototype ID Bank 2 | . . . . . 2 . Open Door 5 | . . 1 . 1 . 3 Derelict Proto ID Bank 1 | . . . 1 . . . Fabricator Hacks . | . . . . . . . Repair Station Hacks 16 | . . . . . . 16 Scan Component 8 | . . . . . . 8 Repair 8 | . . . . . . 8 Recycling Unit Hacks 1 | . . . . . 1 . Retrieve Components 1 | . . . . . 1 . Scanalyzer . | . . . . . . . Garrison Access Hacks . | . . . . . . . Unauthorized Hacks 2 | . 1 . . . 1 . Terminals 2 | . 1 . . . 1 . Botnet 2 | . 1 . . . 1 . Fabricators . | . . . . . . . Repair Stations . | . . . . . . . Recycling Units . | . . . . . . . Scanalyzers . | . . . . . . . Garrison Access . | . . . . . . . Data Cores Recovered . | . . . . . . . Used . | . . . . . . . Hacking Detections 6 | . . . . . 3 3 Full Trace Events 4 | . . . . . 1 3 Feedback Events 1 | . . . . . 1 . Corruption 1 | . . . . . 1 . Feedback Blocked . | . . . . . . . Robot Schematics Acquired . | . . . . . . . Robots Built . | . . . . . . . Authchips . | . . . . . . . Time . | . . . . . . . Total Robot Build Rating . | . . . . . . . Part Schematics Acquired . | . . . . . . . Parts Built . | . . . . . . . Authchips . | . . . . . . . Time . | . . . . . . . Total Part Build Rating . | . . . . . . . Parts Repaired 8 | . . . . . . 8 Time 322 | . . . . . . 322 Parts Recycled . | . . . . . . . Recycled Matter . | . . . . . . . Retrieved Matter . | . . . . . . . Retrieved Components 2 | . . . . . 2 . Parts Scanalyzed . | . . . . . . . Part Schematics Acquired . | . . . . . . . Parts Damaged . | . . . . . . . Bothacking | -11 -10 -10 -10 -9 -8 -8 ------------ Run | Yrd Mat Min Exi Min Mat Sto Used RIF Installer . | . . . . . . . Robots Hacked . | . . . . . . . Non-combat . | . . . . . . . Combat . | . . . . . . . Robot Hacks Applied . | . . . . . . . Relay Couplers Released . | . . . . . . . Fabnet Peak Effective % . | . . . . . . . Robots Rewired . | . . . . . . . Allies Hacked . | . . . . . . . Hacks Repelled . | . . . . . . . Allies | -11 -10 -10 -10 -9 -8 -8 -------- Run | Yrd Mat Min Exi Min Mat Sto Total Allies 3 | . . 3 . . . . Largest Group 3 | . . 3 3 3 . . Highest-Rated Group 40 | . . 40 40 40 . . Highest-Rated Ally 16 | . . 16 16 16 . . Total Orders . | . . . . . . . Ally Attacks 7 | . . . . 7 . . Total Damage 102 | . . . . 102 . . Kills . | . . . . . . . Allies Corrupted . | . . . . . . . Allies Melted . | . . . . . . . Intel | -11 -10 -10 -10 -9 -8 -8 ------- Run | Yrd Mat Min Exi Min Mat Sto Robot Analysis Total . | . . . . . . . Derelict Logs Recovered 3 | . . 2 . 1 . . Drone Launches 16 | . . . . . . 16 Drone Recoveries . | . . . . . . . Exploration | -11 -10 -10 -10 -9 -8 -8 ------------- Run | Yrd Mat Min Exi Min Mat Sto Turns Passed 3496 | . 191 1327 338 389 436 815 Spaces Moved 1620 | 1 95 515 210 282 246 271 Core 51 | . . . 2 . . 49 Treads 60 | . . 60 . . . . Legs 1509 | 1 95 455 208 282 246 222 Wheels . | . . . . . . . Hover . | . . . . . . . Flight . | . . . . . . . Fastest Speed 45 | 120 120 120 90 45 90 50 Average Speed 149 | 120 120 231 149 84 105 112 Slowest Speed 800 | 120 120 330 800 90 170 750 Overloaded Moves 39 | . . . . 35 . 4 Propulsion Burnouts . | . . . . . . . Robots Hopped . | . . . . . . . Cave-ins Triggered . | . . . . . . . Exploration Rate (%) 45 | 1 20 80 59 64 26 69 Regions Visited 6 Branch Regions 4 Pre-discovered Areas 1 | . . 1 . . . . Known Exits Taken 1 | . . . . . 1 . Unknown Exits Taken 5 | 1 1 1 1 1 . . Scrap Searched 1 | . . 1 . . . . Spaces Dug . | . . . . . . . Terrain Destroyed 33 | . . . . 22 . 11 Melee . | . . . . . . . Projectile 3 | . . . . 3 . . AOE 30 | . . . . 19 . 11 Terrain Rammed . | . . . . . . . Walls Destroyed . | . . . . . . . Machines Disabled . | . . . . . . . Actions | -11 -10 -10 -10 -9 -8 -8 --------- Run | Yrd Mat Min Exi Min Mat Sto Total 2448 | . 126 590 234 393 401 704 Wait 573 | . 5 21 21 65 110 351 Move 1614 | . 94 514 209 281 245 271 Hop . | . . . . . . . Pick Up 27 | . 1 1 . 7 12 6 Fast Attach 28 | . . 4 2 3 4 15 Attach 10 | . . 3 . 1 1 5 Detach 12 | . . 3 2 1 1 5 Swap 11 | . 2 1 . 3 1 4 Drop 23 | . 1 . . 1 13 8 Fire 147 | . 23 43 . 29 14 38 Melee . | . . . . . . . Ram 1 | . . . . . . 1 Kick 2 | . . . . 2 . . Crush . | . . . . . . . Escape Stasis . | . . . . . . . Rewire . | . . . . . . . Trap . | . . . . . . . Miscellaneous . | . . . . . . . Route ------- -11/Scrapyard -10/Materials -10/Mines -10/Exiles (discovered 2 exits: *Min x2) -9/Mines -8/Materials (discovered 3 exits: Fac x2 / *Sto) -8/Storage (discovered 1 exit: *Fac) History --------- Turn | Location | Event 1 | -11/Scrapyard | Discovered new exit (range 0) 1 | -11/Scrapyard | Entered Materials 174 | -10/Materials | Discovered new exit (range 15) 192 | -10/Materials | Entered Mines 254 | -10/Mines | Met a Derelict bent on vengeance 302 | -10/Mines | Build established: Mutant 647 | -10/Mines | Lost 4 parts (1p2n1w) 1246 | -10/Mines | Learned location of Zion (-6) 1253 | -10/Mines | Found the Drone Emporium 1268 | -10/Mines | Found Prototype Device 1393 | -10/Mines | Assisted by bots powering up and referring to "LRC-V3" 1511 | -10/Mines | Deemed a non-threat by the Exiles lab entrance 1511 | -10/Mines | Discovered new exit (range 5) 1519 | -10/Mines | Entered Exiles 1519 | -10/Exiles | Accompanied by 3 allies 1550 | -10/Exiles | Discovered new exit (range 15) 1571 | -10/Exiles | Met 8R-AWN 1599 | -10/Exiles | Met EX-HEX 1649 | -10/Exiles | Met EX-BIN 1671 | -10/Exiles | Aligned with FarCom system 1673 | -10/Exiles | Given EX-Vault access code 1719 | -10/Exiles | Opened EX-Vault 1744 | -10/Exiles | Found Potential Leg 1747 | -10/Exiles | Found Potential Leg 1766 | -10/Exiles | Warned to stay clear of 0b10 Research branches 1779 | -10/Exiles | Exiles lab attacked by MAIN.C 1826 | -10/Exiles | Discovered new exit (range 12) 1857 | -10/Exiles | Left Exiles lab with Potential Leg 1857 | -10/Exiles | Entered Mines 1857 | -9/Mines | Accompanied by 3 allies 1874 | -9/Mines | Learned 4 Materials zone layouts 1935 | -9/Mines | Met a Derelict who couldn't figure out how to use a Trap Extractor 1972 | -9/Mines | Assembled infested the area 1977 | -9/Mines | Assisted by a Guerilla fighting off Assembled 2028 | -9/Mines | Lost 5 allies 2063 | -9/Mines | Destroyed 11 combat bots 2133 | -9/Mines | Found a hidden stash of uninstalled traps 2233 | -9/Mines | Discovered new exit (range 9) 2246 | -9/Mines | Entered Materials 2246 | -8/Materials | Evolved 4 slots: Propulsion x1, Utility x3 2247 | -8/Materials | Identified exit to Storage 2248 | -8/Materials | Identified exit to Factory 2249 | -8/Materials | Identified Decoy Drone Bay 2682 | -8/Materials | Entered Storage 2730 | -8/Storage | Repaired Cryofiber Web 2782 | -8/Storage | Repaired Beamcaster 2827 | -8/Storage | Repaired Mak. Power Source 2860 | -8/Storage | Repaired Particle Gun 2899 | -8/Storage | Repaired Imp. Propulsion Shielding 3156 | -8/Storage | Repaired Mak. Light Armor Plating 3188 | -8/Storage | Repaired Beam Rifle 3233 | -8/Storage | Repaired Mak. Light Armor Plating 3423 | -8/Storage | Core integrity fell below 50% 3467 | -8/Storage | Discovered exit to Factory (range 27) 3468 | -8/Storage | Core integrity fell below 20% 3488 | -8/Storage | Lost 12 parts (1p4n4u3w) 3497 | -8/Storage | Destroyed by Y-45 Defender with Beam Rifle Last Messages --------------- Acquired Prototype Launcher. Identified Adv. EMP Blaster. G-47 Trooper destroyed. K-01 Serf destroyed. G-47 Trooper destroyed. ALERT: Construction progress impeded, dispatching reinforcements to local area. A-02 Transporter sends out distress signal. Acquired 56 matter. System corrupted: FCS attempts to trigger Adv. EMP Blaster. System corrupted: Adv. EMP Blaster misfires. U-05 Engineer destroyed. Destroyed Welding Torch. Chain reaction triggered in Corrupted Lgt. Ion Engine. Weight Redist. System melted. A-02 Transporter destroyed. U-05 Engineer destroyed. Chain reaction triggered in Corrupted Lgt. Nuclear Core. A-02 Transporter destroyed. R-06 Scavenger collects Lgt. Treads. Map ----- +----------------------------------------------------+ | ?????????????# """"" #???????????# # | | ?????????????# #??????#????# # " | | ?????????????#####+########## #????# # | | ????????????????# + #????#+######### " | | ????????????????+ # #????# #??? #### "" | | ????????????????# # #????# #??[ # ! | | ????????????????# # ]]] #????# #?[! # "" | | ????????????????+ + ]]] "" #????# #![! # | | ????????????????# # ]] Y" #??### # ##### | | ????????????????# # "" ???#T# + !#???? | | ????????????????# #? #??" + ########????? | | ????????????????# #??########??###g## #####??# | | ???????????????## #??????????????#g % #?## | | ???????????????#T #??????????????#w## #?#T | | ???????????????## #?????????######/##### [[#### | | ????????????????# #?????????# !== + ! + | | ????????????????# #?????????# % ##### ! # | | ????????????????# #?????????# = #???#]* # | | ????????????????# #?????????# #???#! # | | ????????????????# #?????????# % ! #???# # | | ????????????????# #?????????# #???# # | | ????????????????# #???###???# #???# # | | ???????????????## g##?## ###?# % #???# % # | | ?????????????### Y###; ### ;#u######## % # | | ?????? =a%==%=* [Ya r | | ?????# g k %@[[ !m=*!%[% | | ?????? g ==! =| !g[! | | ??????#####+#### ######## # ##=### | | ???????????????###+###????#T #?????# | | ??????????????????????????## #?????# "Y" | | ???????????????????????????# ]]#?????# """ ## | | ???????????????????????????#]]]#?????# ## | | ???????????????????????????#####?????# + | | ?????????????????????????????????????# ######## | | ???????????o?????????????????????????#####??????# | | ????????????????????????????????????????????????#T | | ????????????????????????????????????????????????## | | ?????????????????????????????????????????????????? | | | | | | | | | | | | | | | | | | | | | | | | | +----------------------------------------------------+ Best States ------------- Heat Dissipation 45 Energy Generation 15 Energy Capacity 250 Matter Stores 300 Matter Capacity 300 Sight Range 16 Terrain Scan Density 10 Base Temperature (-) 100 Armor Coverage 225 Propulsion Shielding 66 Evasion (%) 66 Targeting Accuracy 8 Recoil Reduction 2 Offensive Hacking 10 Defensive Hacking 10 Item Schematics ----------------- None Robot Schematics ------------------ None Fabricated ------------ Nothing Alien Tech Used ----------------- None Achievements -------------- None Challenges ------------ None Game ------ Seed LinearSapperWings Manual? 0 Play Time 00:31:41 Cumulative 72.1 hours Start 2024.04.20 @ 12:06:30 End 2024.04.20 @ 12:37:02 Sessions 1 Manual Loads 0 Difficulty Rogue Special Mode None Game No. 153 Rogue 151 Adventurer 2 Explorer 0 Win Type - Total 1 Types 1/0/0/0/0/0/0/0/0 Lore% 46 Gallery% 47 Achievement% 36 Wizard Run 0 Options --------- Layout 0 ASCII 0 Keyboard 1 Movement Numpad Keybinds 1 Fullscreen 2 Font 18/SmallcapsGlow Map View 76x50 Zoom Use 0% Tactical HUD 1 Map Filters NONE Filters NONE Steam 1 RUN: 11c88f18-65c0-424c-9674-2540b45866d8